 Dungeon Crawl Stone Soup version 0.19.3-1-g3169bf9 (webtiles) character file.

42258 Jynx the Unseen (level 13, -13/79 HPs)
             Began as a Vampire Enchanter on Jan 23, 2017.
             Was a High Priest of Kikubaaqudgha.
             Killed from afar by cba's ghost (15 damage)
             ... with a spray of energy
             ... on level 12 of the Dungeon.
             The game lasted 01:16:40 (24956 turns).

Jynx the Unseen (Vampire Enchanter)                Turns: 24956, Time: 01:16:40

Health: -13/79     AC:  0    Str:  7    XL:     13   Next: 84%
Magic:  2/25       EV: 35    Int: 20    God:    Kikubaaqudgha [*****.]
Gold:   1730       SH:  0    Dex: 24    Spells: 7 memorised, 11 levels left

rFire  . . .     SeeInvis +     (weapon currently unavailable)
rCold  . . .     Gourm    .     (armour currently unavailable)
rNeg   + . .     Faith    .     (shield currently unavailable)
rPois  .         Spirit   .     (helmet currently unavailable)
rElec  .         Reflect  .     (cloak currently unavailable)
rCorr  .         Harm     .     (gloves currently unavailable)
MR     +....                    (boots currently unavailable)
Stlth  +++++++++.               E - amulet of rage
                                (ring currently unavailable)
                                (ring currently unavailable)

@: bat-form, flying, very quick
A: fangs 3, thin skeletal structure 1, see invisible, (unbreathing)
a: End Transformation, Receive Corpses, Torment, Renounce Religion, Evoke
Berserk Rage


You were on level 12 of the Dungeon.
You worshipped Kikubaaqudgha.
Kikubaaqudgha was extremely pleased with you.
You were not thirsty.
You were in vampire-bat-form.
You visited 4 branches of the dungeon, and saw 21 of its levels.
You also visited: Ice Cave.

You collected 1730 gold pieces.

Inventory:

Hand Weapons
 o - a +3 dagger of speed (melded)
Armour
 a - a +2 robe of cold resistance (melded)
 n - a +2 pair of boots (melded)
 y - a +2 helmet of intelligence (melded)
 Q - a +2 pair of gloves (melded)
Jewellery
 b - an uncursed ring of protection from fire
 t - a ring of positive energy (melded)
 v - a ring of stealth (melded)
 E - an amulet of rage (around neck)
 O - an uncursed ring of stealth
 V - an uncursed ring of poison resistance
Wands
 h - a wand of slowing (14/48)
 x - a wand of iceblast (5/15)
 C - a wand of lightning (6/15)
 D - a wand of flame (22/48)
 F - a wand of digging (13/24)
 H - a wand of iceblast (6/15)
 M - a wand of polymorph (14/24)
 R - a wand of digging (19/24)
 T - a wand of lightning (4/15)
 X - a wand of digging (12/24)
Scrolls
 e - 11 scrolls of remove curse
 f - 6 scrolls of teleportation
 p - a scroll of blinking
 q - 2 scrolls of magic mapping
 G - a scroll of summoning
 I - a scroll of fear
 J - a scroll of amnesia
 P - 2 scrolls of enchant weapon
 S - a scroll of immolation
 Y - a scroll of enchant armour
 Z - a scroll of recharging
Potions
 g - 2 potions of cure mutation
 i - 5 potions of curing
 j - 10 potions of might
 k - a potion of cancellation
 m - 4 potions of brilliance
 r - 3 potions of beneficial mutation
 s - 3 potions of haste
 u - 3 potions of agility
 w - 4 potions of flight
 z - 3 potions of ambrosia
 B - a potion of invisibility
 N - a potion of heal wounds
 W - a potion of magic
Books
 c - a book of Maledictions

   Spells                             Type                      Level
   a - Corona                         Hexes                        1
   b - Ensorcelled Hibernation        Hexes/Ice                    2
   c - Confuse                        Hexes                        3
   d - Tukima's Dance                 Hexes                        3
   e - Dazzling Spray                 Conjuration/Hexes            3
 d - Kikubaaqudgha's Volume of Evil
   (Kikubaaqudgha gifted it to you on level 7 of the Dungeon)

   Spells                             Type                      Level
   a - Animate Skeleton               Necromancy                   1
   b - Corpse Rot                     Necromancy                   2
   c - Sublimation of Blood           Necromancy                   2
   d - Regeneration                   Charms/Necromancy            3
   e - Control Undead                 Necromancy                   4
 A - a book of Party Tricks

   Spells                             Type                      Level
   a - Summon Butterflies             Summoning                    1
   b - Apportation                    Translocation                1
   c - Lesser Beckoning               Translocation                3
   d - Tukima's Dance                 Hexes                        3
   e - Alistair's Intoxication        Transmutation/Poison         5
   f - Invisibility                   Hexes                        6
 K - Kikubaaqudgha's Guide on Black Arts
   (Kikubaaqudgha gifted it to you on level 1 of the Lair of Beasts)

   Spells                             Type                      Level
   a - Animate Dead                   Necromancy                   4
   b - Excruciating Wounds            Charms/Necromancy            5
   c - Bolt of Draining               Conjuration/Necromancy       5
   d - Dispel Undead                  Necromancy                   5
   e - Death Channel                  Necromancy                   6
 L - a book of Necromancy

   Spells                             Type                      Level
   a - Pain                           Necromancy                   1
   b - Animate Skeleton               Necromancy                   1
   c - Vampiric Draining              Necromancy                   3
   d - Regeneration                   Charms/Necromancy            3
   e - Animate Dead                   Necromancy                   4
   f - Control Undead                 Necromancy                   4
 U - a book of Callings

   Spells                             Type                      Level
   a - Summon Small Mammal            Summoning                    1
   b - Call Imp                       Summoning                    2
   c - Call Canine Familiar           Summoning                    3
   d - Summon Guardian Golem          Hexes/Summoning              3
   e - Summon Lightning Spire         Summoning/Air                4
   f - Summon Ice Beast               Ice/Summoning                4
Miscellaneous
 l - a crystal ball of energy


   Skills:
 - Level 7.0 Short Blades
 + Level 13.3 Dodging
 + Level 17.7 Stealth
 + Level 8.2 Spellcasting
 - Level 16.0 Hexes
 + Level 3.2 Necromancy
 - Level 6.0 Evocations


You had 11 spell levels left.
You knew the following spells:

 Your Spells              Type           Power        Failure   Level  Hunger
a - Pain                  Necr           ###.         2%          1    None
b - Ensorcelled Hibernat  Hex/Ice        #####.       1%          2    None
c - Confuse               Hex            ######..     1%          3    None
d - Summon Butterflies    Summ           #.......     10%         1    None
e - Invisibility          Hex            ######..     1%          6    ######.
f - Tukima's Dance        Hex            ######..     1%          3    None
g - Corona                Hex            ######.      0%          1    None


Dungeon Overview and Level Annotations

Branches:
Dungeon (12/15)            Temple (1/1) D:6            Lair (6/6) D:9
 Shoals (0/4) Lair:4       Spider (0/4) Lair:2          Orc (2/2) D:9
    Elf (0/3) Orc:2
  Slime: Lair:5-6

Altars:
Ashenzari
Cheibriados
Dithmenos
Elyvilon
Fedhas
Gozag
Hepliaklqana
Kikubaaqudgha
Makhleb
Nemelex Xobeh
Okawaru
Qazlal
Ru
Sif Muna
Trog
Uskayaw
Vehumet
Xom
Yredelemnul
Zin
The Shining One

Shops:
D:5 [   D:7 !   Orc:1 }*   Orc:2 =:!:*

Annotations:
D:8 Erica, Gastronok
D:12 cba's ghost, journeyman OpAs
Lair:6 Rupert


Innate Abilities, Weirdness & Mutations

You have razor-sharp teeth.
You have supernaturally acute eyesight. (SInv)
((You can survive without breathing.))
You have a somewhat thin skeletal structure. (Dex +2, Stealth)


Message History

Cba's ghost hits you but does no damage.
You turn into a vampire bat.
Your +3 dagger of speed melds into your body.
Your +2 helmet of intelligence melds into your body.
Your +2 pair of gloves melds into your body.
Your +2 pair of boots melds into your body.
Your +2 robe of cold resistance melds into your body.
Your ring of positive energy melds into your body.
Your ring of stealth melds into your body.
You feel stupid.
You feel less resistant to cold.
Cba's ghost says, "Do you think the gods will protect you?"
Cba's ghost hits you.
Cba's ghost stares at you and mumbles some strange words.
The spray of energy hits you!
* * * LOW HITPOINT WARNING * * *
Cba's ghost casts a spell at you. The spray of energy hits you!
You die...
Kikubaaqudgha rasps: "You have failed me!
Welcome... oblivion!"

.[#...##...##........
..#....#....#..........
#########...#..........
#...#..........
#†..#.....$...
#...#........
#...#.....# #..##.....#
#..#....b.# #..#......+
#..#......# #..#......#
#.('....W.# #..#......#
##### #..#......#.....#
#..#......'..?..# .
#..#).>...#.....#


You could see cba's ghost.

Vanquished Creatures
  Nessos (Orc:2)
  Snorg (D:10)
  5 hydras
  4 orc high priests (Orc:2)
  The ghost of fatfloppyjuicyveiny the Quickloader, a novice KoHu of Trog (D:6)
  An ugly thing (D:10)
  3 hill giants
  2 orc sorcerers
  Joseph (D:8)
  A guardian serpent (D:11)
  The ghost of loom the Destroyer, a novice DECj of Vehumet (D:7)
  5 elephants (Lair:5)
  Maurice (D:9)
  A black mamba (Lair:6)
  A torpor snail (Lair:5)
  8 spiny frogs
  11 komodo dragons
  The ghost of Jynx the Chiller, a novice DsIE of Kikubaaqudgha (D:5)
  A polar bear (IceCv)
  7 trolls
  2 merfolk (Lair:4)
  7 blink frogs
  5 hippogriffs
  5 dream sheep
  A wraith (D:10)
  28 yaks
  A basilisk (Lair:4)
  4 wyverns
  4 hogs (D:7)
  A human (D:7)
  3 hungry ghosts
  The ghost of Macro the Cutter, an amateur HaFi (D:3)
  Edmund (D:4)
  2 wargs (Orc:2)
  2 hell hounds (D:9)
  12 water moccasins
  15 porcupines
  A black bear (D:8)
  10 orc warriors
  2 sky beasts
  2 ice beasts
  2 phantoms
  20 ogres
  9 wolves
  4 centaurs
  9 crocodiles
  5 bullfrogs
  A gnoll sergeant (D:10)
  4 scorpions
  A wyvern skeleton (D:10)
  4 killer bees (D:10)
  4 wights
  5 electric eels
  A howler monkey (D:5)
  A centaur zombie (D:9)
  9 crimson imps
  A bullfrog zombie (D:11)
  A quasit (D:8)
  8 hounds
  17 orc priests
  15 orc wizards
  2 bullfrog skeletons
  4 centaur skeletons
  2 iguanas
  11 worker ants
  2 hound skeletons
  2 worker ant zombies
  6 gnolls
  A howler monkey skeleton (D:6)
  13 adders
  3 oozes
  An adder skeleton (D:9)
  2 worms
  2 dart slugs
  A leopard gecko (D:3)
  38 orcs
  2 ball pythons
  7 bats
  8 giant cockroaches
  9 hobgoblins
  15 jackals
  4 kobolds
  7 quokkas
  3 frilled lizards
  7 goblins
  A leopard gecko skeleton (D:7)
  A quokka skeleton (D:5)
  8 rats
449 creatures vanquished.

Vanquished Creatures (collateral kills)
  A yak (Lair:4)
1 creature vanquished.

Vanquished Creatures (others)
  8 fungi
  3 plants
11 creatures vanquished.

Grand Total: 461 creatures vanquished

Notes
Turn   | Place    | Note
-------+----------+-------------------------------------------
     0 | D:1      | Jynx the Vampire Enchanter began the quest for the Orb.
     0 | D:1      | Reached XP level 1. HP: 13/13 MP: 3/3
   105 | D:1      | Reached XP level 2. HP: 19/19 MP: 5/5
   406 | D:1      | Reached XP level 3. HP: 10/24 MP: 4/6
   690 | D:1      | Learned a level 2 spell: Ensorcelled Hibernation
   694 | D:1      | Learned a level 3 spell: Confuse
   835 | D:2      | Reached skill level 5 in Stealth
   882 | D:2      | Found a radiant altar of Vehumet.
   922 | D:2      | Found a shattered altar of Ashenzari.
  1505 | D:3      | Reached XP level 4. HP: 29/30 MP: 7/7
  1506 | D:3      | Found a faded altar of an unknown god.
  1689 | D:3      | Reached skill level 5 in Hexes
  1692 | D:3      | Noticed Macro's ghost (amateur HaFi)
  1711 | D:3      | Killed Macro's ghost
  1711 | D:3      | Reached skill level 6 in Stealth
  1711 | D:3      | Reached XP level 5. HP: 27/35 MP: 2/8
  2132 | D:4      | Noticed Edmund
  2639 | D:4      | Killed Edmund
  2639 | D:4      | Reached skill level 7 in Stealth
  2639 | D:4      | Reached XP level 6. HP: 41/41 MP: 3/9
  2737 | D:4      | Reached skill level 5 in Dodging
  2745 | D:4      | Reached XP level 7. HP: 46/46 MP: 10/10
  2833 | D:4      | Reached skill level 8 in Stealth
  3198 | D:5      | Entered Level 5 of the Dungeon
  3198 | D:5      | Found Biemno Iriji's Armour Shoppe.
  3686 | D:5      | Reached skill level 9 in Stealth
  3686 | D:5      | Reached XP level 8. HP: 52/52 MP: 11/11
  3733 | D:5      | Noticed Jynx's ghost (novice DsIE)
  3757 | D:5      | Killed Jynx's ghost
  3817 | D:5      | Found a sparkling altar of Nemelex Xobeh.
  3862 | D:5      | Gained mutation: You have a somewhat thin skeletal structure. (Dex +2, Stealth) [potion of beneficial mutation]
  4381 | D:6      | Found a staircase to the Ecumenical Temple.
  4382 | D:6      | Found a burning altar of Makhleb.
  4405 | D:6      | Reached skill level 10 in Stealth
  4451 | Temple   | Entered the Ecumenical Temple
  4537 | Temple   | Became a worshipper of Kikubaaqudgha
  4679 | D:6      | Noticed fatfloppyjuicyveiny's ghost (novice KoHu)
  4693 | D:6      | Killed fatfloppyjuicyveiny's ghost
  4693 | D:6      | Reached skill level 5 in Short Blades
  4693 | D:6      | Reached XP level 9. HP: 57/57 MP: 5/12
  4788 | D:6      | Reached skill level 10 in Hexes
  4819 | D:6      | Learned a level 1 spell: Summon Butterflies
  5093 | D:6      | Found a stormy altar of Qazlal.
  5123 | D:6      | Found a sacrificial altar of Ru.
  5123 | D:6      | Found a glowing golden altar of the Shining One.
  5395 | D:7      | Noticed loom's ghost (novice DECj)
  5456 | D:6      | Reached skill level 11 in Stealth
  6309 | D:7      | Killed loom's ghost
  6411 | D:7      | Found Massam's Distillery.
  6438 | D:7      | Reached * piety under Kikubaaqudgha
  6438 | D:7      | Identified Kikubaaqudgha's Volume of Evil (Kikubaaqudgha gifted it to you on level 7 of the Dungeon)
  6438 | D:7      | Received a gift from Kikubaaqudgha
  6610 | D:7      | Found a snail-covered altar of Cheibriados.
  7252 | D:7      | Reached skill level 1 in Evocations
  7444 | D:7      | Reached XP level 10. HP: 63/63 MP: 9/13
  7698 | D:8      | Reached skill level 12 in Stealth
  7807 | D:8      | Noticed Gastronok
  8284 | D:8      | Noticed Joseph
  8285 | D:8      | Noticed Erica
  8642 | D:8      | Killed Joseph
  9001 | D:8      | Found a white marble altar of Elyvilon.
  9213 | D:8      | Found a blossoming altar of Fedhas.
  9275 | D:8      | Found a hazy altar of Hepliaklqana.
  9455 | D:9      | Noticed Maurice
  9462 | D:9      | Killed Maurice
  9482 | D:9      | Reached ** piety under Kikubaaqudgha
  9662 | D:9      | Found a staircase to the Orcish Mines.
  9703 | D:9      | Learned a level 6 spell: Invisibility
  9844 | D:9      | You fall through a shaft for 2 floors!
  9867 | D:11     | Reached skill level 13 in Stealth
  9869 | D:10     | Entered Level 10 of the Dungeon
 10135 | D:10     | Noticed a hill giant
 10141 | D:10     | Noticed a green ugly thing
 10142 | D:10     | Killed a hill giant
 10150 | D:10     | Killed a green ugly thing
 10150 | D:10     | Reached XP level 11. HP: 68/68 MP: 14/14
 10213 | D:9      | Found a staircase to the Lair.
 10265 | D:9      | Reached skill level 10 in Dodging
 10467 | Lair:1   | Entered Level 1 of the Lair of Beasts
 10512 | Lair:1   | Noticed a seven-headed hydra
 10527 | Lair:1   | Killed a seven-headed hydra
 10571 | Lair:1   | Reached skill level 5 in Evocations
 10623 | Lair:1   | Found a frozen archway.
 10630 | IceCv    | Entered an ice cave
 10762 | IceCv    | Reached skill level 14 in Stealth
 11080 | Lair:1   | Reached *** piety under Kikubaaqudgha
 11080 | Lair:1   | Identified Kikubaaqudgha's Guide on Black Arts (Kikubaaqudgha gifted it to you on level 1 of the Lair of Beasts)
 11080 | Lair:1   | Received a gift from Kikubaaqudgha
 12260 | Lair:2   | Learned a level 3 spell: Tukima's Dance
 12291 | Lair:2   | Found a hole to the Spider Nest.
 12974 | Lair:2   | Reached XP level 12. HP: 47/74 MP: 8/17
 13431 | Lair:3   | Reached skill level 15 in Stealth
 14823 | Lair:4   | Reached **** piety under Kikubaaqudgha
 14928 | Lair:4   | Found a staircase to the Shoals.
 15192 | Lair:4   | Reached skill level 5 in Spellcasting
 15442 | Lair:4   | Noticed a seven-headed hydra
 15460 | Lair:4   | HP: 1/74 [seven-headed hydra (6)]
 15462 | Lair:4   | Killed a seven-headed hydra
 16329 | Lair:5   | Noticed a four-headed hydra
 16944 | Lair:4   | Reached skill level 16 in Stealth
 17067 | Lair:5   | Killed a four-headed hydra
 17067 | Lair:5   | Reached skill level 15 in Hexes
 17743 | Lair:6   | Entered Level 6 of the Lair of Beasts
 17751 | Lair:6   | Noticed a five-headed hydra
 17784 | Lair:6   | Killed a five-headed hydra
 18060 | Lair:6   | Noticed a six-headed hydra
 18337 | Lair:6   | Reached XP level 13. HP: 74/79 MP: 22/22
 18361 | Lair:6   | Learned a level 1 spell: Pain
 18515 | Lair:6   | Noticed Rupert
 19452 | Orc:1    | Entered Level 1 of the Orcish Mines
 19668 | Orc:2    | Entered Level 2 of the Orcish Mines
 19668 | Orc:2    | Found a staircase to the Elven Halls.
 19755 | Orc:1    | Found Voumoi's Quality Used Wands.
 19755 | Orc:1    | Found Qiotemp's Assorted Antiques.
 20111 | Orc:2    | Found Noeduan's Jewellery Boutique.
 20165 | Orc:2    | Noticed Nessos
 20218 | Orc:2    | Killed Nessos
 20296 | Orc:2    | Reached skill level 17 in Stealth
 21311 | Orc:2    | Reached ***** piety under Kikubaaqudgha
 21836 | Orc:2    | Found Wocan's Assorted Antiques.
 21836 | Orc:2    | Found Ucselic's Book Shoppe.
 21837 | Orc:2    | Found Joroec's Book Emporium.
 21844 | Orc:2    | Found Uhukeidu's Distillery.
 22278 | Lair:4   | Reached skill level 1 in Necromancy
 23000 | D:10     | Noticed Snorg
 23006 | D:10     | Killed Snorg
 24935 | D:12     | Noticed cba's ghost (journeyman OpAs)
 24951 | D:12     | HP: 1/79 [cba's ghost/spray of energy (24)]
 24956 | D:12     | Killed from afar by cba's ghost

Skill      XL: |  1  2  3  4  5  6  7  8  9 10 11 12 13 |
---------------+----------------------------------------+-----
Short Blades   | 2 3 5 7 |  7.0
Stealth        | 5 6 7 9 10 11 13 14 16 17 | 17.7
Dodging        | 3 4 5 6 7 8 9 11 12 13 | 13.3
Hexes          | 5 6 7 8 9 11 12 13 15 16 | 16.0
Evocations     | 1 4 6 |  6.0
Spellcasting   | 3 6 8 |  8.2
Necromancy     | 3 |  3.2

Action                   |  1- 3 |  4- 6 |  7- 9 | 10-12 | 13-15 || total
-------------------------+-------+-------+-------+-------+-------++-------
Melee: Dagger            |   168 |   106 |   296 |   656 |   580 ||  1806
       Bite              |    10 |    12 |    27 |    64 |    75 ||   188
       Unarmed           |       |       |       |       |     1 ||     1
 Cast: Corona            |     6 |     2 |     3 |     3 |       ||    14
       Ensorcelled Hiber |     3 |     6 |    18 |    58 |    17 ||   102
       Confuse           |       |     4 |    35 |   112 |   114 ||   265
       Pain              |       |       |       |       |    44 ||    44
 Abil: Bat Form          |       |     1 |     3 |     6 |     8 ||    18
       End Transformatio |       |     1 |     3 |     6 |     7 ||    17
       Evoke Berserk Rag |       |       |       |     1 |     1 ||     2
  Use: Scroll            |       |     9 |    12 |     9 |     6 ||    36
       Potion            |       |       |     1 |       |       ||     1
 Stab: Sleeping          |    11 |    10 |    36 |    77 |    38 ||   172
       Distracted        |     2 |     1 |     1 |     3 |     2 ||     9
       Confused          |       |     5 |    20 |    75 |    72 ||   172
  Eat: Corpse            |     7 |     1 |     9 |    29 |    15 ||    61
Armor: Robe              |    38 |    18 |    28 |    61 |    44 ||   189
Dodge: Dodged            |   107 |    56 |   118 |   339 |   267 ||   887
